[Event "Early-Titled-Tuesday-Blitz-October-10-2023"]
[Site "Chess.com"]
[Date "2023.10.10"]
[Round "4"]
[White "ArtemDyachuk"]
[Black "Juicy_Fork"]
[Result "1-0"]
[WhiteElo "2667"]
[BlackElo "2470"]
[TimeControl "180+1"]
[EndTime "8:38:35 PDT"]
[Termination "ArtemDyachuk won on time"]

1. e4 e5 2. Nf3 Nc6 3. Bb5 a6 4. Ba4 d6 5. O-O Bd7 6. c3 g6 7. d4 Bg7 8. Bg5 f6 9. Be3 Nh6 10. h3 O-O 11. Na3 Nf7 12. Nc2 b5 13. Bb3 Na5 14.
Bd5 c6 15. Bxf7+ Rxf7 16. b3 Rc8 17. Qd2 c5 18. dxc5 dxc5 19. Rad1 Qc7 20. Qd6 Qxd6 21. Rxd6 Bc6 22. b4 Nc4 23. Rxc6 Rxc6 24. bxc5 Rd7 25.
Rb1 Nxe3 26. Nxe3 Rxc5 27. Nd5 f5 28. Ng5 fxe4 29. Ne3 Rxc3 30. Nxe4 Rc6 31. Rb3 h6 32. h4 Rd4 33. f3 Bf8 34. h5 gxh5 35. Nf5 Rd1+ 36. Kh2 Kf7 37. Ne3 Ra1 38. Rb2 Rcc1 39.
Nf5 Ke6 40. Ne3 h4 41. Kh3 h5 42. Kxh4 Be7+ 43. Kxh5 Rh1+ 44. Kg6 Rhc1 45. Nf5 Rc4 46. Rd2 1-0

[Event "Early-Titled-Tuesday-Blitz-October-10-2023"]
[Site "Chess.com"]
[Date "2023.10.10"]
[Round "4"]
[White "mapleaff"]
[Black "ErikRonka"]
[Result "1-0"]
[WhiteElo "2381"]
[BlackElo "2511"]
[TimeControl "180+1"]
[EndTime "8:38:35 PDT"]
[Termination "mapleaff won by resignation"]

1. e4 c6 2. Nf3 d5 3. d3 Bg4 4.
h3 Bxf3 5. Qxf3 e6 6. g3 Nd7 7.
Bg2 Ngf6 8. O-O Bc5 9. Qe2 O-O 10. c3 dxe4 11. dxe4 e5 12. a4 a5 13. Na3 Qe7 14. Nc4 Rfd8 15. Ne3 g6 16. Rd1 Nf8 17. Ng4 Nxg4 18. Qxg4 Rxd1+ 19. Qxd1 Rd8 20. Qe2 Ne6 21. h4 Kg7 22. Be3 Bxe3 23. Qxe3 Qc5 24. Qe2 Qd6 25. Bf3 Qd2 26. Kf1 Nc5 27. h5 Nb3 28. Re1 Qxe2+ 29. Rxe2 Rd1+ 30. Kg2 Ra1 31. hxg6 hxg6 32. Re3 Rxa4 33. Bd1 Ra2 34. Bxb3 Rxb2 35. c4 b5 36. cxb5 cxb5 37. Rf3 f6 38. Rc3 Rb1 39. Rc7+ Kh6 40. Bg8 f5 41. exf5 gxf5 42. Rc5 a4 43. Rxe5 Kg6 44.
Rc5 b4 45. Be6 a3 46. Bxf5+ Kf6 47. Bxb1 b3 48. Rb5 1-0

[Event "Early-Titled-Tuesday-Blitz-October-10-2023"]
[Site "Chess.com"]
[Date "2023.10.10"]
[Round "4"]
[White "wild3000"]
[Black "tarno17"]
[Result "1/2-1/2"]
[WhiteElo "2339"]
[BlackElo "2150"]
[TimeControl "180+1"]
[EndTime "8:38:35 PDT"]
[Termination "Game drawn - insufficient material"]

1. a3 e5 2. e3 d5 3. b4 c6 4. Bb2 Bd6 5. c4 f5 6. f4 exf4 7. exf4 Nf6 8. Nf3 Bxf4 9. Qe2+ Kf7 10. Ne5+ Bxe5 11. Bxe5 Re8 12. d4 dxc4 13. Nd2 b5 14. g3 Nbd7 15. Bg2 Bb7 16. O-O Nxe5 17. dxe5 Qd4+ 18. Qf2 Qxf2+ 19. Rxf2 Rxe5 20. Nf3 Re3 21. Nd4 g6 22. a4 a6 23. Nxc6 Rc8 24. axb5 axb5 25.
Ra7 Rc7 26. Rxb7 Rxb7 27. Nd8+ Kg7 28. Nxb7 Ng4 29. Rf1 c3 30. Nd6 c2 31. Nxb5 Rd3 32.
Bf3 Ne3 33. Rc1 Rd1+ 34. Bxd1 cxd1=Q+ 35. Rxd1 Nxd1 36. Nd4 Nc3 37. b5 Nd5 38. Kf2 Kf6 39. Nc6 Nb6 40. Ke3 Ke6 41. Kd4 Kd6 42. Nd8 h6 43.
Nf7+ Ke6 44. Nxh6 g5 45. h4 gxh4 46. gxh4 Kf6 47. Kc5 Na4+ 48. Kb4 Nb6 49. Kc5 Na4+ 50. Kd5 Kg6 51. Ng8 Kh5 52. Ne7 f4 53. Nf5 Kg4 54.
Ke5 f3 55. Ne3+ Kxh4 56. Kf4 f2 57. Kf3 Kg5 58. Kxf2 Kf6 59. Nc4 Ke6 60. Ke3 Kd5 61. Kd3 Kc5 62. b6 Nxb6 1/2-1/2

[Event "Early-Titled-Tuesday-Blitz-October-10-2023"]
[Site "Chess.com"]
[Date "2023.10.10"]
[Round "4"]
[White "themind1hunter"]
[Black "Artemiki"]
[Result "0-1"]
[WhiteElo "2525"]
[BlackElo "2308"]
[TimeControl "180+1"]
[EndTime "8:38:36 PDT"]
[Termination "Artemiki won on time"]

1. e4 e5 2. Nf3 Nc6 3. Bb5 a6 4. Ba4 Nf6 5. O-O Be7 6. Re1 b5 7. Bb3 d6 8. c3 O-O 9. d4 exd4 10. cxd4 Bg4 11. Be3 Na5 12. Bc2 Nc4 13. Bc1 c5 14. b3 Nb6 15. d5 c4 16. Bb2 Nfd7 17. h3 Bxf3 18. Qxf3 Bf6 19. Bxf6 Qxf6 20. Nd2 Rac8 21.
Qxf6 Nxf6 22. b4 Nfd7 23. a3 Ne5 24. Re3 c3 25. Nb3 Rc7 26. f4 Ng6 27. g3 Rfc8 28.
Nd4 Ne7 29. Kf2 f5 30. e5 Nexd5 31. exd6 Nxe3 32. dxc7 Nxc2 33. Nxc2 Rxc7 34. Rd1 Nc4 35. Rd3 Nd2 36. Rd8+ Kf7 37. Ra8 Ne4+ 38. Kf3 Rd7 39. Ne3 Rc7 40. Nc2 Rc6 41. g4 g6 42. Ra7+ Kg8 43. g5 Rd6 44. Ne3 Rd2 0-1

[Event "Early-Titled-Tuesday-Blitz-October-10-2023"]
[Site "Chess.com"]
[Date "2023.10.10"]
[Round "4"]
[White "cristiano78"]
[Black "MaxLeto"]
[Result "0-1"]
[WhiteElo "2250"]
[BlackElo "2494"]
[TimeControl "180+1"]
[EndTime "8:38:37 PDT"]
[Termination "MaxLeto won by resignation"]

1. d4 h5 2. c3 h4 3. h3 d5 4. Nf3 Bf5 5. Bg5 c5 6. Bxh4 Qb6 7. Qb3 c4 8. Qxb6 axb6 9. Nbd2 e6 10. Bg3 b5 11. e3 Nc6 12. Be2 b4 13. O-O bxc3 14. bxc3 Ba3 15. Bxc4 dxc4 16. Nxc4 Nf6 17. Bd6 Bd3 18. Nxa3 Bxf1 19. Kxf1 Ne4 20. Nb5 Ra5 21.
c4 Kd7 22. Ne5+ Nxe5 23. dxe5 Nd2+ 24. Ke2 Nxc4 25. Nd4 Nxd6 26. exd6 Rha8 27. Rb1 Rxa2+ 28. Kf3 R8a7 29. Rc1 b6 30. Nb5 Rb7 31. Rb1 Kc6 32.
h4 Ra5 33. Nd4+ Kxd6 34. g4 b5 35. Nb3 Ra2 36. Rd1+ Ke7 37. Rc1 b4 38. h5 Rb2 39.
Nd4 b3 40. g5 Ra2 41. h6 gxh6 42. gxh6 Kf6 43. Rg1 Ra8 44. h7 Rh8 45. Rb1 b2 46. Ke4 Rxh7 47. f4 Rh2 48. Nc6 Rc7 49. Ne5 Rc1 50.
Ng4+ Ke7 51. Nxh2 Rxb1 52. Nf3 Rd1 53. Ne5 b1=Q+ 0-1

[Event "Early-Titled-Tuesday-Blitz-October-10-2023"]
[Site "Chess.com"]
[Date "2023.10.10"]
[Round "4"]
[White "maximnovik"]
[Black "GeorgiosSouleidis"]
[Result "0-1"]
[WhiteElo "2446"]
[BlackElo "2650"]
[TimeControl "180+1"]
[EndTime "8:38:39 PDT"]
[Termination "GeorgiosSouleidis won by resignation"]

1. e4 c5 2. Nf3 e6 3. d4 cxd4 4.
Nxd4 Nf6 5. Nc3 Nc6 6. Nxc6 bxc6 7. e5 Nd5 8. Ne4 Qc7 9. f4 Qb6 10.
Bd3 f5 11. exf6 Nxf6 12. Nxf6+ gxf6 13. Qh5+ Kd8 14. Qf3 Bc5 15. b3 Bd4 16. Rb1 f5 17. Bd2 Ba6 18. c3 Bxd3 19. Qxd3 Bf6 20. Be3 Qb5 21.
Ke2 Qxd3+ 22. Kxd3 Kc7 23. c4 a5 24. c5 a4 25. b4 h5 26. Rhd1 h4 27. Kc4 Rhg8 28.
Rd2 Rg4 29. Rbd1 Rd8 30. b5 cxb5+ 31. Kxb5 e5 32. Rd6 exf4 33. Bd2 Rb8+ 34. Ka6 Ra8+ 35. Kb5 Be7 36. Ba5+ Rxa5+ 37. Kxa5 Bxd6 38. cxd6+ Kc6 39. Rd2 f3 40. gxf3 Rf4 41. Rf2 h3 42. a3 Kxd6 43. Rd2+ Ke6 44. Kb5 d5 45. Re2+ Kd6 46. Rd2 Rxf3 47.
Kxa4 f4 48. Kb5 Rxa3 49. Rf2 f3 50. Kb4 Re3 51. Ra2 Ke5 52. Kc5 Rc3+ 53. Kb4 Rc4+ 54. Kb3 Ke4 55. Ra8 f2 56. Rf8 Ke3 57. Re8+ Re4 58.
Rf8 Ke2 59. Kc2 f1=Q 60. Rxf1 Kxf1 0-1

[Event "Early-Titled-Tuesday-Blitz-October-10-2023"]
[Site "Chess.com"]
[Date "2023.10.10"]
[Round "4"]
[White "Krakozia"]
[Black "MKlose11"]
[Result "0-1"]
[WhiteElo "2989"]
[BlackElo "2623"]
[TimeControl "180+1"]
[EndTime "8:38:41 PDT"]
[Termination "MKlose11 won on time"]

1. e4 e6 2. d4 d5 3. exd5 exd5 4. Nf3 Nf6 5. Bd3 Be7 6. O-O O-O 7. Re1 Re8 8. h3 Nbd7 9. c4 c6 10. Nc3 Nb6 11. c5 Nbd7 12. Bf4 Nf8 13. b4 a6 14. a4 Ne6 15. Bh2 Nh5 16. Ne5 g6 17. Bf1 Nhg7 18. g4 Bg5 19. Nf3 Bf4 20. Bxf4 Nxf4 21.
Rxe8+ Qxe8 22. Qd2 Nge6 23. Re1 Qd8 24. Re5 h6 25. Ne2 Nxe2+ 26. Bxe2 Kg7 27. h4 Bd7 28. g5 hxg5 29. hxg5 Qh8 30. Qe3 Qh3 31. Nh2 Qxe3 32. fxe3 a5 33. b5 cxb5 34. Rxd5 Bc6 35. Rd6 bxa4 36. d5 a3 37. dxc6 a2 38. Rd1 bxc6 39.
Ra1 Nxg5 40. Rxa2 Ne4 41. Rc2 a4 42. Nf3 a3 43. Bc4 Nxc5 44. Ne5 f6 45. Nxc6 Ne4 46. Nd4 Rc8 47. Kg2 f5 48. Be6 Ra8 49. Kf3 Kf6 50.
Ba2 Ng5+ 0-1

[Event "Early-Titled-Tuesday-Blitz-October-10-2023"]
[Site "Chess.com"]
[Date "2023.10.10"]
[Round "4"]
[White "karinachess1"]
[Black "GiorgianBarbosa"]
[Result "1/2-1/2"]
[WhiteElo "2622"]
[BlackElo "2414"]
[TimeControl "180+1"]
[EndTime "8:38:42 PDT"]
[Termination "Game drawn by repetition"]

1. d4 Nf6 2. c4 e6 3. Nc3 d5 4. cxd5 exd5 5. Bg5 c6 6. e3 Be7 7. Bd3 Nbd7 8. h3 O-O 9. Qc2 Re8 10. Nf3 Nf8 11. Ne5 N6d7 12. Bf4 Nxe5 13. Bxe5 Bd6 14. Bxd6 Qxd6 15. O-O Ng6 16. Rab1 Nh4 17. Qe2 Qh6 18.
f4 g6 19. Rbe1 Bf5 20. Bxf5 Nxf5 21. Qf2 Nd6 22. Qf3 f5 23. b3 Ne4 24. Nxe4 Rxe4 25.
Rc1 Rae8 26. Rc3 R8e6 27. b4 Qf8 28. Rb1 Qe8 29. Rbb3 a6 30. a4 Kg7 31. Kf2 h5 32. b5 axb5 33. axb5 cxb5 34. Rc7+ Re7 35. Rxe7+ Qxe7 36. Rxb5 Qd7 37. Qe2 Re7 38. Qb2 Qe6 39.
Qb3 Qc6 40. Rxd5 Qc1 41. Re5 Qd2+ 42. Kf3 Rc7 43. Qa3 Qd1+ 44. Kg3 h4+ 45. Kh2 Qe1 46. Re7+ Kh6 47. Rxc7 Qg3+ 48. Kg1 Qe1+ 49. Kh2 Qg3+ 50. Kg1 Qe1+ 51. Kh2 1/2-1/2

[Event "Early-Titled-Tuesday-Blitz-October-10-2023"]
[Site "Chess.com"]
[Date "2023.10.10"]
[Round "4"]
[White "kingofthenil"]
[Black "cande_francisco"]
[Result "1-0"]
[WhiteElo "2738"]
[BlackElo "2538"]
[TimeControl "180+1"]
[EndTime "8:38:43 PDT"]
[Termination "kingofthenil won by resignation"]

1. e4 c5 2. d3 g6 3. g3 Bg7 4. Bg2 Nc6 5. f4 e6 6. Nf3 Nge7 7. O-O O-O 8. c3 d5 9. Na3 b6 10. e5 a6 11. Be3 Bb7 12. d4 cxd4 13. cxd4 Rc8 14.
Nc2 Na5 15. b3 Qd7 16. Qd2 Rc7 17. Rfc1 Rfc8 18. Nb4 Nf5 19. Bf2 h5 20. Bf1 b5 21.
Nd3 Rxc1 22. Rxc1 Rxc1 23. Qxc1 Bf8 24. Qc3 Qd8 25. Nc5 Bc8 26. h3 Qb6 27. g4 b4 28.
Qd3 hxg4 29. hxg4 Nh6 30. Bh3 Nc6 31. Kg2 Bxc5 32. dxc5 Qa5 33. Qd2 Kg7 34. Bh4 Ng8 35.
f5 exf5 36. gxf5 Bxf5 37. Bxf5 gxf5 38. Bf6+ Kf8 39. Qxd5 Qxa2+ 40. Kg3 Nge7 41. Bxe7+ Nxe7 42. Qd8+ Kg7 43. Qxe7 Qxb3 44. Qf6+ Kg8 45. c6 Qc4 46. Qg5+ Kf8 47. Qh6+ Ke8 48. Qh8+ Ke7 49. Qf6+ Ke8 50. Qd6 Qg4+ 51. Kf2 Qc4 52. c7 Qc2+ 53. Kg3 f4+ 54. Kxf4 Qc4+ 55. Kg3 Qg4+ 56. Kxg4 1-0

[Event "Early-Titled-Tuesday-Blitz-October-10-2023"]
[Site "Chess.com"]
[Date "2023.10.10"]
[Round "4"]
[White "MikeSailer"]
[Black "VincentKeymer"]
[Result "0-1"]
[WhiteElo "2142"]
[BlackElo "3088"]
[TimeControl "180+1"]
[EndTime "8:38:43 PDT"]
[Termination "VincentKeymer won by resignation"]

1. d4 Nf6 2. Bg5 d5 3. Bxf6 gxf6 4.
c4 e5 5. e3 Nc6 6. cxd5 Qxd5 7. Nc3 Bb4 8. dxe5 Qxd1+ 9. Rxd1 fxe5 10. Bb5 Bd7 11. Nf3 O-O-O 12. O-O f6 13. Nd5 Bd6 14. Nxf6 Be6 15. Bxc6 bxc6 16. b3 h6 17. Ne4 Bd5 18.
Nc3 Rhg8 19. Nxd5 cxd5 20. Rxd5 e4 21. Rxd6 Rxd6 22. Nd4 Kb7 23. Rc1 Rd5 24. Kf1 c5 25. Ne2 Re8 26. Ke1 Kb6 27. g3 Rde5 28. h4 Rd8 29. Rc4 Rb8 30. Nc3 Kc6 31. Nxe4 Rb4 32.
Nd2 Rxc4 33. Nxc4 Re6 34. Ke2 Kd5 35. f3 Ra6 36. a4 h5 37. Kd3 Rg6 38. e4+ Ke6 39.
f4 Rxg3+ 40. Kd2 Rg4 41. f5+ Kf6 42. Ke3 Rxh4 43. Na5 Rg4 44. Nb7 h4 45. Nxc5 h3 46. Nd7+ Ke7 47. Ne5 h2 48. Nxg4 h1=Q 49. e5 Qb1 50.
Kf4 Qxb3 51. Kg5 Qxa4 52. e6 Qd4 53. Nh6 Qg7+ 54. Kh5 a5 55. Ng4 Qh8+ 56. Kg5 a4 57. f6+ Kxe6 0-1

[Event "Early-Titled-Tuesday-Blitz-October-10-2023"]
[Site "Chess.com"]
[Date "2023.10.10"]
[Round "4"]
[White "motivated_bishop"]
[Black "rikchessmx"]
[Result "1/2-1/2"]
[WhiteElo "2469"]
[BlackElo "2295"]
[TimeControl "180+1"]
[EndTime "8:38:46 PDT"]
[Termination "Game drawn by repetition"]

1. e4 c5 2. Nf3 e6 3. d4 cxd4 4.
Nxd4 a6 5. c4 Qc7 6. Nc3 Nf6 7.
Be3 Nc6 8. Be2 Bb4 9. f3 d5 10.
cxd5 exd5 11. O-O Bxc3 12. bxc3 dxe4 13. fxe4 O-O 14. Rxf6 gxf6 15. Bh6 Re8 16. Qf1 Qe5 17. Nf3 Qxe4 18. Bd3 Qg4 19. h3 Qg3 20. Kh1 Be6 21. Nd4 Nxd4 22. cxd4 Bd5 23. Bf4 Qxh3+ 24. Kg1 Qg4 25.
Qf2 Re6 26. Bd2 Rae8 27. Bf5 Qg7 28. Bxe6 fxe6 29. Rf1 f5 30. Bf4 Qg6 31. Rc1 Bc6 32. Be5 Kf7 33. Rc3 Rg8 34. Rg3 Qh5 35. Rxg8 Kxg8 36. Qg3+ Qg6 37. Qxg6+ hxg6 38. Kf2 g5 39. Bf6 g4 40. g3 Kf7 41. Be5 Ke7 42. Ke3 Bd5 43. a3 Kd7 44. Kd3 Kc6 45. Kc3 Kb5 46. Bd6 Ka4 47. Kb2 a5 48. Kc3 b5 49. Kb2 b4 50.
axb4 axb4 51. Be7 Kb5 52. Bf8 Kc4 53. Bg7 b3 54. Be5 Kd3 55. Bf6 Ke4 56. Be5 Bc4 57. Kc3 Kd5 58. Bf4 Ke4 59. Be5 Kf3 60. Bf4 Ke2 61.
Be5 Kd1 62. Kb2 Bd5 63. Bf4 Ke2 64. Be5 Kd3 65. Bf6 Ke3 66. Be5 Ke4 67. Kc3 Bc4 68. Kb2 Kd3 69. Bf6 Kd2 70. Be5 Bd5 71. Bf6 Kd3 72. Be5 Ke2 73. Bf4 Kf3 74. Be5 Kg2 75. Kc3 Kf3 76. Kb2 Ke4 77. Kc3 Ke3 78.
Kb2 Kd3 1/2-1/2

[Event "Early-Titled-Tuesday-Blitz-October-10-2023"]
[Site "Chess.com"]
[Date "2023.10.10"]
[Round "4"]
[White "erugee"]
[Black "Jmf24"]
[Result "1-0"]
[WhiteElo "2259"]
[BlackElo "2491"]
[TimeControl "180+1"]
[EndTime "8:38:46 PDT"]
[Termination "erugee won on time"]

1. e4 Nf6 2. e5 Nd5 3. c4 Nb6 4. c5 Nd5 5. Bc4 e6 6. Nc3 Nxc3 7. bxc3 Bxc5 8. Qg4 g5 9. d4 Be7 10. Qh5 d5 11. Bd3 c5 12. Nf3 h6 13. h4 gxh4 14.
Nxh4 cxd4 15. cxd4 Nc6 16. Be3 Qa5+ 17. Kf1 Bd7 18.
Nf3 O-O-O 19. Qxf7 Rhf8 20. Qg6 Rg8 21. Qh7 Rh8 22. Qg6 Rdg8 23. Qh5 Qc3 24. Rd1 Kb8 25.
Kg1 Nb4 26. Bg6 Nxa2 27. Kh2 Qc8 28. Rd2 Nb4 29. Rb1 Qf8 30. Bf7 Be8 31. Bxe8 Qxe8 32. Qxe8+ Rxe8 33. Rdb2 a5 34. Bd2 Rc8 35. Ne1 Rc4 36. Be3 Bg5 37. f4 Be7 38. Nd3 Rhc8 39.
Nc5 Bxc5 40. dxc5 Re4 41. Bf2 Rxf4 42. Bg3 Rf5 43. Ra1 Rxc5 44. Bf2 Rc2 45. Rxc2 Nxc2 46. Bb6 Rxe5 47. Rxa5 Re4 48. Ra2 1-0

[Event "Early-Titled-Tuesday-Blitz-October-10-2023"]
[Site "Chess.com"]
[Date "2023.10.10"]
[Round "4"]
[White "meoluoi91"]
[Black "Anton_Demchenko"]
[Result "0-1"]
[WhiteElo "2607"]
[BlackElo "3004"]
[TimeControl "180+1"]
[EndTime "8:38:47 PDT"]
[Termination "Anton_Demchenko won on time"]

1. Nf3 Nf6 2. g3 b5 3. Bg2 Bb7 4. O-O e6 5. d3 d6 6. e4 c5 7. c3 Be7 8. Re1 O-O 9. Nbd2 Nc6 10. Nf1 b4 11. c4 Nd7 12. g4 Nde5 13. h3 Nxf3+ 14.
Bxf3 Bg5 15. Bg2 Bxc1 16. Qxc1 Nd4 17. Ne3 h5 18. Qd2 Qg5 19. Rad1 hxg4 20. hxg4 g6 21. Rf1 e5 22. f3 f6 23. Nc2 Ne6 24. Qxg5 fxg5 25.
Kf2 Kg7 26. Rh1 Nf4 27. Bf1 a6 28. Be2 a5 29. Ne3 Rh8 30. Ra1 Bc6 31. Rxh8 Rxh8 32.
Nf1 Ne6 33. a3 bxa3 34. Rxa3 Rb8 35. Rxa5 Rxb2 36. Ra6 Nd4 37. Ng3 Kf6 38. Ke3 Ke6 39. Ra7 Bb7 40. Ra5 Kd7 41. Ra7 Kc8 42. Ra5 Kc7 43. Bd1 Rb1 44. Be2 Kb6 45. Ra2 Bc6 46. Nf1 Ne6 47. Nd2 Rb4 48. Bd1 Nf4 49. Bc2 Kc7 50. Bb3 Rb8 51. Ra1 Rh8 52. Ra7+ Kb6 53. Ra1 Rh2 0-1

[Event "Early-Titled-Tuesday-Blitz-October-10-2023"]
[Site "Chess.com"]
[Date "2023.10.10"]
[Round "4"]
[White "Wizard_97"]
[Black "Maxterlopez"]
[Result "1-0"]
[WhiteElo "2569"]
[BlackElo "2778"]
[TimeControl "180+1"]
[EndTime "8:38:47 PDT"]
[Termination "Wizard_97 won on time"]

1. e4 e5 2. Nf3 Nc6 3. Bc4 Bc5 4.
c3 Nf6 5. d3 d6 6. Nbd2 a6 7.
Bb3 Ba7 8. h3 h6 9. Nf1 Be6 10.
Ng3 d5 11. Qe2 Qd6 12. O-O O-O-O 13. Be3 d4 14. Bxe6+ fxe6 15. cxd4 exd4 16. Bd2 e5 17. Rac1 g6 18. Qd1 Kb8 19. Qa4 Nd7 20. b4 Rdf8 21.
b5 axb5 22. Qxb5 Rf6 23. Rb1 Bb6 24. Rfc1 Qa3 25. Qc4 Qa6 26. Qd5 Kc8 27. Qb3 Nc5 28. Qb5 Qxb5 29. Rxb5 Nxd3 30. Rc2 Re6 31. a4 Ba7 32. a5 Nxf2 33. Kxf2 d3+ 34. Rcc5 Rf8 35. Be3 Bxc5 36. Rxc5 h5 37. Rd5 Nb4 38. Rb5 Nc2 39. Nf1 Rc6 40. Rxe5 Rc4 41. Nd2 Ra4 42. Rd5 Ra3 43. Bc5 Rxf3+ 44. Kxf3 Rxa5 45. Bf2 Ra2 46. Rxd3 b6 47. Rc3 c5 48. Nc4 Kc7 49. Ne5 Kb7 50. Nxg6 Nb4 51. Nf4 Nc6 52. Nxh5 Ne5+ 53. Kg3 b5 54.
Rxc5 Nd3 55. Rxb5+ Kc6 56. Rf5 1-0

[Event "Early-Titled-Tuesday-Blitz-October-10-2023"]
[Site "Chess.com"]
[Date "2023.10.10"]
[Round "4"]
[White "djano"]
[Black "Tonychess32"]
[Result "1/2-1/2"]
[WhiteElo "2667"]
[BlackElo "2505"]
[TimeControl "180+1"]
[EndTime "8:38:47 PDT"]
[Termination "Game drawn - insufficient material"]

1. e4 e6 2. b3 d5 3. Bb2 dxe4 4. Nc3 Nf6 5. Qe2 Be7 6. O-O-O O-O 7. g4 b6 8. Nxe4 Bb7 9. Bg2 Nxe4 10. Bxe4 Bxe4 11. Qxe4 Nd7 12. Nf3 a5 13. g5 a4 14. Qd4 f6 15. Rhg1 e5 16. Qc4+ Kh8 17. gxf6 Bxf6 18. Kb1 axb3 19. axb3 e4 20. Nd4 Ne5 21. Qe2 Nf3 22. Ne6 Nxg1 23. Rxg1 Qe7 24. Nxf8 Bxb2 25. Kxb2 Qa3+ 26. Kc3 Qa5+ 27. Kb2 Rxf8 28. Qxe4 Qxd2 29.
Qe5 Qd7 30. f4 Qf7 31. Rf1 h6 32. f5 Re8 33. Qc3 Qf6 34. Qxf6 gxf6 35. Rd1 Re5 36.
Rd7 Rxf5 37. Rxc7 Rf2 38. Rb7 h5 39. Rxb6 h4 40. b4 Kg7 41. b5 Rxh2 42. Rc6 Re2 43. b6 Re8 44. Rc4 Rb8 45. Rxh4 Rxb6+ 46. Kc3 f5 47.
Kd4 Kg6 48. Kd5 Kg5 49. Rh7 Rb1 50. c4 f4 51. Rg7+ Kf6 52. Rg8 Kf5 53. c5 Rd1+ 54. Kc4 f3 55. c6 Ke4 56. Re8+ Kf4 57. Rf8+ Ke3 58. Kc5 Rc1+ 59. Kd6 f2 60. c7 Rxc7 61.
Kxc7 Ke2 62. Rxf2+ Kxf2 1/2-1/2

[Event "Early-Titled-Tuesday-Blitz-October-10-2023"]
[Site "Chess.com"]
[Date "2023.10.10"]
[Round "4"]
[White "UK_23"]
[Black "ZeGood_ZeBad_ZeUgly"]
[Result "1/2-1/2"]
[WhiteElo "2380"]
[BlackElo "2320"]
[TimeControl "180+1"]
[EndTime "8:38:47 PDT"]
[Termination "Game drawn - insufficient material"]

1. e4 e5 2. Nf3 Nc6 3. Bc4 Bc5 4. O-O Nf6 5. d3 d6 6. c3 a6 7. Bb3 Bg4 8. Nbd2 Qd7 9. Re1 h6 10.
Bc2 O-O 11. h3 Bh5 12. Nf1 Bg6 13. Ng3 Nh5 14. d4 exd4 15. cxd4 Bb4 16. Bd2 Nxg3 17.
fxg3 Bxd2 18. Qxd2 d5 19. exd5 Qxd5 20. Bxg6 fxg6 21.
a3 Rad8 22. Rad1 Kh7 23. Kh2 a5 24. b4 axb4 25. axb4 Qc4 26. Rc1 Qb3 27. Rb1 Qd5 28. Red1 Na7 29. Rbc1 c6 30. Rc5 Qb3 31. d5 cxd5 32. Rxd5 Rxd5 33. Qxd5 Qxb4 34. h4 Nc6 35. Qd3 Rd8 36. Qc2 Rxd1 37. Qxd1 Qe7 38. Qb1 Nd8 39. h5 Qf6 40. Qd3 Ne6 41. Qb1 Nf8 42. hxg6+ Nxg6 43. Qxb7 Qf5 44. Qb2 Qh5+ 45. Kg1 Qg4 46. Qe2 Qxg3 47. Qc2 Qg4 48. Kf1 h5 49. Qd3 h4 50. Nh2 Qf4+ 51.
Nf3 h3 52. gxh3 Qg3 53. Ke2 Qg2+ 54. Ke3 Kh6 55. h4 Qg4 56. Qe4 Qxe4+ 57. Kxe4 Kh5 58. Kf5 Nxh4+ 59. Nxh4 Kxh4 60. Kg6 Kg4 61. Kxg7 1/2-1/2

[Event "Early-Titled-Tuesday-Blitz-October-10-2023"]
[Site "Chess.com"]
[Date "2023.10.10"]
[Round "4"]
[White "Karttunen"]
[Black "vladoboch"]
[Result "1-0"]
[WhiteElo "2656"]
[BlackElo "2461"]
[TimeControl "180+1"]
[EndTime "8:38:50 PDT"]
[Termination "Karttunen won by resignation"]

1. c4 e5 2. Nc3 Bb4 3. Nd5 Be7 4. Nf3 Nc6 5. e4 Nf6 6. d3 d6 7. Nxf6+ Bxf6 8. Be3 Bg4 9. h3 Bxf3 10. Qxf3 Bg5 11. g3 O-O 12. h4 Bxe3 13. fxe3 Ne7 14. g4 c6 15. O-O-O b5 16. cxb5 cxb5 17. d4 Qa5 18. Kb1 Rac8 19. g5 Nc6 20. Bh3 Rc7 21. Rc1 exd4 22.
exd4 Nxd4 23. Qd3 Rxc1+ 24. Rxc1 Qb6 25. h5 b4 26. h6 Nb5 27. Bd7 a6 28. Bxb5 axb5 29.
hxg7 Kxg7 30. Rf1 Re8 31. Qf3 Qc7 32. Qf6+ Kg8 33. Rd1 Qe7 34. Qxd6 Qxe4+ 35. Ka1 Qe5 36. Qd2 Kg7 37. Qxb4 Qxg5 38. Qd4+ Qe5 39. Rg1+ Kf8 40.
Qb4+ Qe7 41. Qxe7+ Rxe7 42. a3 h5 43. Rg5 h4 44. Rh5 Re4 45. Ka2 Ke7 46. Rxb5 h3 47.
Rh5 Re3 48. a4 Kd6 49. b4 Re4 50. Kb3 Re3+ 51. Kc4 Kc6 52. Rh6+ Kb7 53. a5 f5 54. b5 f4 55. Rh7+ Kc8 56. b6 Rg3 57. a6 Rc3+ 58.
Kxc3 1-0

[Event "Early-Titled-Tuesday-Blitz-October-10-2023"]
[Site "Chess.com"]
[Date "2023.10.10"]
[Round "4"]
[White "amylazy"]
[Black "azikom"]
[Result "1-0"]
[WhiteElo "2409"]
[BlackElo "2588"]
[TimeControl "180+1"]
[EndTime "8:38:50 PDT"]
[Termination "amylazy won on time"]

1. d4 Nf6 2. Nf3 e6 3. e3 c5 4. Bd3 b6 5. O-O Bb7 6. c4 Be7 7. Nc3 O-O 8. d5 exd5 9. cxd5 d6 10. e4 Ba6 11. Re1 Bxd3 12. Qxd3 Nfd7 13. Bf4 a6 14. e5 dxe5 15. Nxe5 Nxe5 16. Bxe5 Nd7 17. Bg3 Bf6 18. Rad1 Bd4 19. Qe4 Nf6 20. Qf3 Re8 21. d6 Qd7 22. Re7 Qg4 23. Qxg4 Nxg4 24. Rb7 b5 25. h3 Nf6 26. a3 h6 27. Bh4 g5 28. Bg3 Red8 29.
Re1 Nh5 30. Be5 Re8 31. Re7 Rxe7 32. dxe7 Bxe5 33. Rxe5 Ng7 34. Nd5 Ne8 35. Ne3 c4 36. Rd5 Ra7 37. Nf5 Kh7 38. Rd8 Nf6 39. e8=Q Nxe8 40.
Rxe8 Rd7 41. Re7 Rd2 42. Ne3 Rxb2 43. Rxf7+ Kg6 44. Rc7 a5 45. g4 a4 46. Rc6+ Kf7 47. Rc5 Rb3 48. Nf5 Ke6 49. Nd4+ Kd6 50. Nxb3 axb3 51. Rxb5 Kc6 52. Rb8 Kc7 53. Rb4 Kc6 54. Rxc4+ 1-0

[Event "Early-Titled-Tuesday-Blitz-October-10-2023"]
[Site "Chess.com"]
[Date "2023.10.10"]
[Round "4"]
[White "Cecile-Haussernot"]
[Black "a-z30"]
[Result "1-0"]
[WhiteElo "2320"]
[BlackElo "2491"]
[TimeControl "180+1"]
[EndTime "8:38:50 PDT"]
[Termination "Cecile-Haussernot won on time"]

1. e4 d6 2. d4 Nf6 3. Nc3 g6 4. Be3 Bg7 5. f3 c6 6. Qd2 Nbd7 7. O-O-O Qc7 8. h4 h6 9. g4 b5 10. Bg2 Nb6 11. g5 hxg5 12. hxg5 Nh5 13. f4 Nc4 14.
Qf2 Qa5 15. Rd3 b4 16. Nb1 Qxa2 17. Rb3 a5 18. f5 Rb8 19. fxg6 fxg6 20. Bf1 Ba6 21. Bd2 Rf8 22. Nf3 Nxd2 23. Qxd2 Bxf1 24. Rxf1 Ng3 25. Re1 a4 26. Rbe3 a3 27. bxa3 bxa3 28. Nxa3 Qb2+ 29. Kd1 Qa1+ 30. Qc1 Qxc1+ 31. Kxc1 Ra8 32.
e5 dxe5 33. Nxe5 Nf5 34. Rc3 Nxd4 35. Nac4 Ra1+ 36. Kd2 Rxe1 37. Kxe1 c5 38. Nxg6 Rf5 39. Ra3 Rxg5 40. Ra8+ Kf7 41. Nf4 Be5 42. Nd3 Nxc2+ 43. Kd2 Rg2+ 44. Kc1 Bf6 45. Nf4 Rg1+ 46. Kxc2 e5 47.
Nd3 e4 48. Nxc5 Rf1 49. Nd6+ Kg6 50. Ndxe4 Re1 51. Rg8+ Kf5 52. Rf8 Ke5 53. Nxf6 Re2+ 54. Kd3 Re1 55. Nfd7+ Kd6 56. Rf6+ 1-0

[Event "Early-Titled-Tuesday-Blitz-October-10-2023"]
[Site "Chess.com"]
[Date "2023.10.10"]
[Round "4"]
[White "Elprofessor21"]
[Black "Smiechu"]
[Result "1-0"]
[WhiteElo "2779"]
[BlackElo "2492"]
[TimeControl "180+1"]
[EndTime "8:38:52 PDT"]
[Termination "Elprofessor21 won by resignation"]

1. Nc3 Nf6 2. Nf3 g6 3. d4 c5 4. Bg5 Bg7 5. d5 d6 6. Qd2 b5 7. Bxf6 Bxf6 8. O-O-O Qa5 9. Kb1 Bxc3 10. Qxc3 Qxc3 11.
bxc3 a5 12. e4 b4 13. cxb4 axb4 14. e5 O-O 15. h3 Nd7 16. Bb5 Nb6 17. Rhe1 Ba6 18.
Bc6 Ra7 19. Nd2 Bb7 20. exd6 exd6 21. Re7 Bxc6 22. Rxa7 Bxd5 23. Nb3 Bxg2 24. Rxd6 Nc4 25. Rf6 Bxh3 26. Nxc5 Re8 27. Nd3 Be6 28. Kc1 h5 29.
Rc7 Na3 30. Nf4 Nb5 31. Nxe6 Nxc7 32. Nxc7 Rc8 33. Nd5 h4 34. Ne7+ Kg7 35. Rf4 Re8 36. Nd5 h3 37. Rh4 Rh8 38. Rxh3 Rxh3 39. Nxb4 Rf3 40.
Nd3 Kf6 41. Kd2 Ke6 42. Kc3 Rf5 43. Kc4 Kd6 44. a4 Kc6 45. Kb4 Kb6 46. c4 Rf3 47. c5+ Kb7 48. Kc4 f5 49. a5 g5 50. Nb4 Rxf2 51. a6+ Ka7 52. Kb5 Rb2 53. c6 Rxb4+ 54. Kxb4 Kxa6 55. Kc5 g4 56. Kd6 g3 57. c7 g2 58. c8=Q+ Kb5 59. Qc5+ Ka4 60. Qf2 1-0